 Dungeon Crawl Stone Soup version 0.14.2 (webtiles) character file.

623 Amnesiac the Ducker (level 6, -8/27 (30) HPs)
             Began as a Spriggan Gladiator on Feb 11, 2018.
             Killed from afar by an orc wizard (10 damage)
             ... with a magic dart
             ... on Level 5 of the Dungeon.
             The game lasted 00:08:08 (4809 turns).

Amnesiac the Ducker (Spriggan Gladiator)            Turns: 4809, Time: 00:08:08

HP  -8/27 (30)   AC  1     Str 13      XL: 6   Next: 48%
MP  12/12        EV 30     Int 15      God:
Gold 237         SH  0     Dex 21      Spells:  0 memorised,  5 levels left

rFire  . . .     SeeInvis +     a - +0 quarterstaff
rCold  . . .     Rnd*Rage +     n - +0 robe (curse)
rNeg   . . .     Conserve .     (shield restricted)
rPois  .         rCorr    .     c - +0 hat
rElec  .         rRot     .     (no cloak)
SustAb . .       Spirit   .     (gloves unavailable)
rMut   .         Warding  .     (boots unavailable)
Saprov . . .     Stasis   .     (no amulet)
MR     +....                    (no ring)
                                (no ring)

@: invisible, brilliant, agile, very slightly contaminated, very quick, somewhat
resistant to hostile enchantments, stealthy
A: unfitting armour, see invisible, berserk 1, deformed body, herbivore 3, speed
3, slow metabolism 2
a: no special abilities


You were on level 5 of the Dungeon.
You were not hungry.

You visited 1 branch of the dungeon, and saw 6 of its levels.

You collected 237 gold pieces.

Inventory:

Hand weapons
 a - a +0,+0 quarterstaff (weapon)
Missiles
 u - 14 poisoned needles
 y - 4 tomahawks (quivered)
Armour
 c - a +0 hat (worn)
 n - a cursed +0 robe (worn)
Magical devices
 v - a wand of enslavement (12)
Comestibles
 k - 2 pears
 o - 4 bread rations
 w - a choko
Scrolls
 f - 8 scrolls of identify {!r, unknown}
 h - a scroll of immolation {!r, unknown}
 i - 2 scrolls of enchant weapon I {!r, unknown}
 l - 6 scrolls of remove curse {!r, unknown}
 m - 2 scrolls of recharging {!r, unknown}
 p - a scroll of blinking {!r, unknown}
 q - a scroll of fear {!r, unknown}
 r - 2 scrolls of random uselessness {!r, unknown}
 s - 2 scrolls of enchant armour {!r, unknown}
 t - 2 scrolls of teleportation {!r, unknown}
 A - a scroll of noise {!r, unknown}
 B - a scroll of fog {!r, unknown}


   Skills:
 * Level 2.2 Fighting
 - Level 4.0 Staves
 + Level 2.9 Throwing
 - Level 7.6 Dodging


You had 5 spell levels left.
You didn't know any spells.

Dungeon Overview and Level Annotations

Branches:
Dungeon (6/15)
 Temple: D:4-7

Altars:
Sif Muna

Shops:
D:4 (   D:5 !

Annotations:
D:4 Amnesiac's ghost, weakling SpAr


Innate Abilities, Weirdness & Mutations

You are tiny and cannot use many weapons and most armour.
You have supernaturally acute eyesight.
You are a herbivore.
You cover ground extremely quickly.
You need consume almost no food.
You tend to lose your temper in combat.
Armour fits poorly on your strangely shaped body.


Message History

It was a potion of agility {!q}.
The orc wizard points at you and mumbles some strange words.
The magic dart hits you!
* * * LOW HITPOINT WARNING * * *
The orc wizard hits you with a hand axe.
* * * LOW HITPOINT WARNING * * *
You barely miss the orc wizard. The orc wizard closely misses you.
Drink which item? (? for menu, Esc to quit)
Really quaff
j - 2 potions of curing {!q}?
You feel better.
The orc wizard gestures at you while chanting.
The magic dart hits you!
* * * LOW HITPOINT WARNING * * *
The orc wizard casts a spell at you. You resist with almost no effort.
Drink which item? (? for menu, Esc to quit)
Really quaff
j - a potion of curing {!q}?
You feel better. The orc wizard misses you.
Drink which item? (? for menu, Esc to quit)
Really quaff
x - an emulsified pink potion {!q}?
You feel refreshed.
It was a potion of restore abilities {!q}.
The orc wizard casts a spell.
The orc wizard blinks!
The orc wizard points at you and mumbles some strange words.
The magic dart hits you!
* * * LOW HITPOINT WARNING * * *
Drink which item? (? for menu, Esc to quit)
Really quaff
D - an oily orange potion {!q}?
You fade into invisibility!
It was a potion of invisibility {!q}.
You are very lightly contaminated with residual magic.
Take off which item? (? for menu, Esc to quit)
Okay, then.
Drink which item? (? for menu, Esc to quit)
Really quaff
C - a gluggy inky potion {!q}?
You feel clever all of a sudden.
It was a potion of brilliance {!q}.
Drink which item? (? for menu, Esc to quit)
Really quaff
z - a sedimented blue potion {!q}?
You feel extremely strange.
You feel a little pissed off.
Your body twists and deforms.
It was a potion of mutation {!q}.
The orc wizard casts a spell at something.
The orc wizard gestures at something while chanting.
You catch the helpless orc wizard completely off-guard!
You hit the orc wizard.
The orc wizard is moderately wounded.
The orc wizard casts a spell at something.
The orc wizard barely misses you.
You catch the helpless orc wizard completely off-guard!
You hit the orc wizard.
The orc wizard is moderately wounded.
The orc wizard completely misses you.
You barely miss the orc wizard.
The orc wizard is moderately wounded.
The orc wizard closely misses you.
You catch the helpless orc wizard completely off-guard!
You hit the orc wizard.
The orc wizard is severely wounded.
The orc wizard completely misses you.
The orc wizard points at you and mumbles some strange words.
The magic dart hits you!
You die...

###########
..........##########
#########....).....#
##################.##
.............####...####
.......................#
################@...##.#
#o#.###.# #.#.###.##
##.#.##...###
#.......#...#
#..#)##...#.#
#..#.###.##.#
####).#.###.##.#
.............##.##


You could see an orc wizard.

Vanquished Creatures
  An ogre (D:5)
  A crimson imp (D:5)
  A hound (D:4)
  Ijyb (D:3)
  Jessica (D:3)
  A hound skeleton (D:4)
  A gnoll (D:2)
  3 adders
  3 worms
  4 giant geckos
  17 orcs
  3 giant cockroaches
  8 goblins
  12 hobgoblins
  11 jackals
  8 kobolds
  4 ball pythons
  13 bats
  A giant gecko skeleton (D:5)
  3 giant newts
  2 quokkas
  11 rats
110 creatures vanquished.

Vanquished Creatures (collateral kills)
  A crimson imp (D:5)
1 creature vanquished.

Grand Total: 111 creatures vanquished

Notes
Turn   | Place    | Note
--------------------------------------------------------------
     0 | D:1      | Amnesiac, the Spriggan Gladiator, began the quest for the Orb.
     0 | D:1      | Reached XP level 1. HP: 10/10 MP: 2/2
     6 | D:1      | Noticed a killer bee
     6 | D:1      | Noticed a black bear
     6 | D:1      | Noticed an iguana
     6 | D:1      | Noticed a hog
   193 | D:1      | Reached XP level 2. HP: 12/14 MP: 4/4
   778 | D:2      | Reached XP level 3. HP: 18/18 MP: 6/6
   862 | D:2      | Reached skill level 5 in Dodging
  1231 | D:2      | Reached XP level 4. HP: 22/22 MP: 8/8
  1523 | D:2      | Found a deep blue altar of Sif Muna.
  1615 | D:4      | Found Traryv's Antique Weapon Boutique.
  2424 | D:3      | Noticed Ijyb
  2443 | D:3      | Killed Ijyb
  2445 | D:3      | Noticed Jessica
  2459 | D:3      | Killed Jessica
  2684 | D:3      | Reached XP level 5. HP: 25/25 MP: 10/10
  3300 | D:4      | Reached skill level 6 in Dodging
  3418 | D:4      | Noticed Amnesiac's ghost (weakling SpAr)
  3876 | D:3      | Reached skill level 7 in Dodging
  3925 | D:5      | Entered Level 5 of the Dungeon
  4272 | D:5      | Reached XP level 6. HP: 30/30 MP: 12/12
  4307 | D:5      | Found Vuewk's Distillery.
  4641 | D:5      | Noticed an ogre
  4683 | D:5      | Killed an ogre
  4775 | D:5      | Paralysed by a potion of paralysis for 6 turns
  4781 | D:5      | HP: 1/27 [orc wizard/magic dart (6)]
  4789 | D:5      | HP: 1/27 [orc wizard/magic dart (7)]
  4797 | D:5      | Gained mutation: You tend to lose your temper in combat. [potion of mutation]
  4797 | D:5      | Gained mutation: Armour fits poorly on your strangely shaped body. [potion of mutation]
  4809 | D:5      | Killed from afar by an orc wizard

Action                   |  1- 3 |  4- 6 || total
-------------------------+-------+-------++-------
Melee: Quarterstaff      |   120 |   273 ||   393
Throw: Throwing net      |     2 |     2 ||     4
Evoke: Wand              |       |     2 ||     2
  Use: Potion            |       |    14 ||    14
 Stab: Sleeping          |     1 |     1 ||     2
       Distracted        |     1 |       ||     1
       Invisible         |       |     3 ||     3
